 Dungeon Sprint DCSS version 0.18.1-5-g4a78601 (webtiles) character file.

32 OfficerJojo the Stinger (level 3, 0/23 HPs)
             Began as an Octopode Venom Mage on May 11, 2016.
             Slain by a hound (2 damage)
             ... in the Dungeon (Sprint IX: "|||||||||||||||||||||||||||||").
             The game lasted 00:01:21 (322 turns).

OfficerJojo the Stinger (Octopode Venom Mage)        Turns: 322, Time: 00:01:22

Health: 0/23       AC:  1    Str:  7    XL:     3   Next: 25%
Magic:  1/7        EV: 12    Int: 18    God:
Gold:   0          SH:  0    Dex: 12    Spells: 1 memorised, 6 levels left

rFire  . . .     SeeInvis .     (no weapon)
rCold  . . .     Gourm    .     (no shield)
rNeg   . . .     Faith    .     (helmet restricted)
rPois  .         Spirit   .     (no amulet)
rElec  .         Dismiss  .     (no ring)
rCorr  .         Reflect  .     (no ring)
SustAt .         Harm     .     (no ring)
MR     .....     NoTele   +     (no ring)
Stlth  +++.......               (no ring)
                                (no ring)
                                (no ring)
                                (no ring)

@: very slightly contaminated, not resistant to hostile enchantments, fairly
stealthy
A: almost no armour, amphibious, 8 rings, constrict 8, camouflage 1, gelatinous
body 1
a: no special abilities


You were in the Dungeon.
You were not hungry.

You visited 1 branch

Inventory:

Scrolls
 h - a scroll of blinking
Potions
 c - a potion of curing
 d - a potion of heal wounds
 e - a potion of haste
 f - 2 potions of magic
Books
 a - a Young Poisoner's Handbook

   Spells                             Type                      Level
   a - Sting                          Conjuration/Poison           1
   b - Cure Poison                    Poison                       2
   c - Mephitic Cloud                 Conjuration/Poison/Air       3
   d - Olgreb's Toxic Radiance        Poison                       4
   e - Venom Bolt                     Conjuration/Poison           5
Comestibles
 b - a bread ration


   Skills:
 + Level 1.1 Fighting
 + Level 2.7 Dodging
 + Level 3.4 Stealth
 + Level 0.6 Unarmed Combat
 + Level 2.8 Spellcasting
 + Level 0.4 Conjurations
 + Level 7.5 Poison Magic


You had 6 spell levels left.
You knew the following spells:

 Your Spells              Type           Power        Failure   Level  Hunger
a - Sting                 Conj/Pois      ###.         3%          1    None


Dungeon Overview and Level Annotations

Branches:
Dungeon (1/1)

Altars:


Innate Abilities, Weirdness & Mutations

You cannot wear most types of armour.
You are amphibious.
You can wear up to eight rings at the same time.
You can use your tentacles to constrict eight enemies at once.
Your skin changes colour to match your surroundings (Stealth).
Your rubbery body absorbs attacks (AC +1).


Message History

There is a staircase leading out of the dungeon here.
Blink to where?
Press: ? - help, Dir - move target cursor, f - you, p - hound
Okay, then.
The hound bites you. x2
The hound closely misses you.
You closely miss the hound. Your grab misses the hound.
The hound is lightly wounded.
The hound closely misses you. The hound bites you.
* * * LOW HITPOINT WARNING * * *
You closely miss the hound. You grab the hound.
The hound is lightly wounded.
You constrict the hound, but do no damage.
The hound closely misses you.
You barely miss the hound.
The hound is lightly wounded.
You constrict the hound. The hound bites you.
* * * LOW HITPOINT WARNING * * *
The hound bites you.
You die... ▓▓▓▓▓▓▓▓▓▓▓▓▓▓▓▓▓▓ +.....).....{Shh@▓ ▓▓▓▓▓▓▓▓▓▓▓▓▓▓▓▓▓▓

You could see a howler monkey, a hound and an adder.

Vanquished Creatures
  An orc wizard (D)
  A dart slug (D)
  3 hobgoblins (D)
  A bat (D)
6 creatures vanquished.

Notes
Turn   | Place    | Note
--------------------------------------------------------------
     0 | D        | OfficerJojo the Octopode Venom Mage began the quest for the Orb.
     0 | D        | Reached XP level 1. HP: 11/11 MP: 3/3
     8 | D        | Reached skill level 5 in Poison Magic
    16 | D        | Reached skill level 6 in Poison Magic
    21 | D        | Reached XP level 2. HP: 2/17 MP: 1/5
   300 | D        | Noticed a howler monkey
   306 | D        | Reached skill level 1 in Fighting
   306 | D        | Reached skill level 7 in Poison Magic
   306 | D        | Reached XP level 3. HP: 22/23 MP: 0/7
   322 | D        | Slain by a hound

Skill      XL: |  1  2 |
---------------+-------+-----
Poison Magic   | 6 7 |  7.5
Fighting       | 1 |  1.1
Stealth        | 3 |  3.4
Dodging        | |  2.7
Unarmed Combat | |  0.6
Spellcasting   | |  2.8
Conjurations   | |  0.4

Action                   || total
-------------------------++-------
Melee: Unarmed           ||    10
       Constrict         ||     2
       Tentacles         ||     2
 Cast: Sting             ||     8
  Use: Potion            ||     1
Armor: Skin              ||     1
Dodge: Dodged            ||    12
